 Dungeon Crawl Stone Soup version 0.28-a0-563-gf77a47075d (webtiles) character file.

Game seed: 3420036176555291549

173 meatgazer the Skirmisher (level 5, -15/42 HPs)
             Began as a Demonspawn Chaos Knight on Sept 29, 2021.
             Was a Plaything of Xom.
             Demolished by a tentacled starspawn (22 damage)
             ... created by the touch of Lugonu
             ... on level 3 of the Dungeon.
             The game lasted 00:05:58 (3502 turns).

meatgazer the Skirmisher (Demonspawn Chaos Knight)  Turns: 3502, Time: 00:05:59

Health: -15/42     AC:  6    Str: 14    XL:     5   Next: 28%
Magic:  7/7        EV: 11    Int: 13    God:    Xom [..*...]
Gold:   119        SH:  0    Dex: 14    Spells: 4/4 levels left

rFire   . . .      SeeInvis .   a - +0 spear (chaos)
rCold   . . .      Faith    .   (no shield)
rNeg    . . .      Spirit   .   b - +2 leather armour
rPois   .          Reflect  .   (no helmet)
rElec   .          Harm     .   c - +0 cloak
rCorr   .          Rampage  .   (no gloves)
Will    .....                   (no boots)
Stlth   ++........              (no amulet)
HPRegen 0.14/turn               (no ring)
MPRegen 0.10/turn               (no ring)

@: no status effects
A: claws 2, thin skeletal structure 1, screaming 1
a: Renounce Religion


You were on level 3 of the Dungeon.
You worshipped Xom.
You were a toy of Xom.
You visited 1 branch of the dungeon, and saw 3 of its levels.

You collected 119 gold pieces.

Inventory:

Hand Weapons
 a - a +0 spear of chaos (weapon)
Armour
 b - a +2 leather armour (worn)
 c - a +0 cloak (worn)
 f - a +0 buckler
Potions
 d - a potion of invisibility


   Skills:
 + Level 4.2 Fighting
 + Level 3.9 Polearms
 - Level 2.0 Armour
 - Level 1.0 Dodging
 + Level 2.9 Invocations


You had 4 spell levels left.
You didn't know any spells.
Your spell library was empty.

Dungeon Overview and Level Annotations

Branches:
Dungeon (3/15)

Altars:
Xom
Yredelemnul
Lugonu


Innate Abilities, Weirdness & Mutations

You have very sharp fingernails.
You have a somewhat thin skeletal structure. (Dex +2, Stealth+)
You occasionally shout uncontrollably at your foes.


Message History

"How about this?"
A monocle briefly appears over your left eye.
A rat comes into view.
A rat is nearby!
You reach to attack!
The helpless rat fails to defend itself.
You hit the rat.
The rat is poisoned.
The rat is moderately wounded.
You closely miss the rat.
The rat is moderately wounded.
The rat completely misses you.
You closely miss the rat.
The rat is severely wounded.
You kill the rat!
No target in view!
No target in view!
No target in view!
No target in view!
No target in view!
No target in view!
No target in view!
No target in view!
No target in view!
Lugonu's wrath scatters you! Lugonu sends minions to punish you.
A tentacled starspawn comes into view.
You hit the tentacled starspawn but do no damage.
You barely miss the tentacled starspawn.
You barely miss the tentacled starspawn.
Tentacles burst from the starspawn's body! 2 starspawn tentacles come into view.
You barely miss the tentacled starspawn.
The tentacled starspawn bites you!!
Ouch! That really hurt!
* * * LOW HITPOINT WARNING * * *
Xom roars with laughter!
A shower of butterflies erupts from you!
The tentacled starspawn tentacle-slaps you!!
Ouch! That really hurt!
You die...
Xom howls with laughter!

......# #.##..........##.##
......# #.#..........#+..#
)###### #.#..........#..## .#
#.#|########.#.######## .# #.#.#
#...........
.##########.#.########.#.........
..............##ww...........#<..
.##########...##X#####.###.......
.# #...##@# #.# #.#..... .#
#...bbb# #.# #....... .#
#.#.########.#######... .#
#...................... .#
###..#######.########.. .# ##.#
#..)........... .# #.##
#.##.########.. .# #..###.##.#
#......# .# ##.#......# #.####.#


You could see a tentacled starspawn (ally target) and 2 starspawn tentacles.

Vanquished Creatures
  Jessica (D:2)
  An iguana (D:3)
  An orc wizard (D:3)
  4 adders
  2 dart slugs
  5 orcs (D:3)
  An endoplasm (D:2)
  3 giant cockroaches
  2 goblins
  5 hobgoblins
  3 jackals (D:2)
  2 kobolds (D:3)
  2 quokkas
  7 ball pythons
  4 bats
  3 frilled lizards
  7 rats
53 creatures vanquished.

Notes
Turn   | Place    | Note
-------+----------+-------------------------------------------
     0 | D:1      | meatgazer the Demonspawn Chaos Knight began the quest for
                  | the Orb.
     0 | D:1      | Reached XP level 1. HP: 18/18 MP: 1/1
    45 | D:1      | Fell from the grace of Xom
   312 | D:2      | Found a faded altar of an unknown god.
   323 | D:2      | Became a worshipper of Lugonu the Unformed
   323 | D:2      | Reached * piety under Lugonu
   323 | D:2      | Reached ** piety under Lugonu
   381 | D:2      | Noticed Jessica
   381 | D:2      | XOM: 1-stop teleportation journey
   391 | D:2      | Killed Jessica
   392 | D:2      | Reached skill level 1 in Dodging
   392 | D:2      | Gained mutation: You have sharp fingernails. [demonic
                  | ancestry]
   392 | D:2      | Reached XP level 2. HP: 16/24 MP: 2/2
   392 | D:2      | Gained mutation: You have very sharp fingernails. [demonic
                  | ancestry]
   392 | D:2      | Reached XP level 3. HP: 19/29 MP: 3/3
   881 | D:2      | XOM: 1-stop teleportation journey
   895 | D:2      | Reached skill level 1 in Invocations
  1364 | D:2      | XOM: give mutation
  1364 | D:2      | Gained mutation: You occasionally shout uncontrollably at
                  | your foes. [Xom's mischief]
  1923 | D:3      | Gained mutation: You have a somewhat thin skeletal
                  | structure. (Dex +2, Stealth+) [demonic ancestry]
  1923 | D:3      | Reached XP level 4. HP: 29/37 MP: 5/5
  2003 | D:3      | Found a shimmering altar of Xom.
  2014 | D:3      | Fell from the grace of Lugonu
  2017 | D:3      | Became a worshipper of Xom of Chaos
  2142 | D:3      | Reached skill level 4 in Fighting
  2152 | D:3      | XOM: divination: detect creatures
  2564 | D:3      | Found a basalt altar of Yredelemnul.
  2614 | D:3      | XOM: potion effect (might)
  2832 | D:3      | XOM: divination: detect items
  2840 | D:3      | Reached XP level 5. HP: 39/42 MP: 6/6
  2863 | D:3      | HP: 2/42 [kobold (3)]
  2935 | D:3      | XOM: silly message
  3318 | D:3      | XOM: silly message
  3499 | D:3      | Noticed a tentacled starspawn
  3502 | D:3      | XOM: butterfly on damage
  3502 | D:3      | Demolished by a tentacled starspawn

Illustrated notes

Levels and vault maps discovered:
D:1:      onia_arrival_pentagram, layout_basic
D:2:      layout_basic, ebering_ecumenical_altar_rust, uniq_jessica
D:3:      layout_basic, lemuel_round_altar, yredelemnul_altar_generic,
          st_stairs_11

Skill      XL: |  1  2  3  4 |
---------------+-------------+-----
Polearms       | 3 |  3.9
Armour         | 2 |  2.0
Dodging        | 1 |  1.0
Invocations    | 1 2 |  2.9
Fighting       | 4 |  4.2

Action                   |  1- 3 |  4- 6 || total
-------------------------+-------+-------++-------
Melee: Spear             |   131 |   103 ||   234
Invok: Renounce Religion |     1 |     1 ||     2
  Use: Potion            |     1 |     4 ||     5
       Scroll            |     2 |     1 ||     3
 Stab: Sleeping          |     1 |     5 ||     6
Armor: Leather armour    |    49 |    40 ||    89
Dodge: Dodged            |    66 |    54 ||   120

Table legend: (Time is in decaauts)
 A = Elapsed time spent in this place.
 B = Non-inter-level travel time spent in this place.
 C = Inter-level travel time spent in this place.
 D = Time resting spent in this place.
 E = Time spent auto-exploring this place.
 F = Levels seen in this place.
 G = Mean time per level.
                   A        B        C        D        E       F      G
               +--------+--------+--------+--------+--------+-----+--------+
         Total |   3476 |   3459 |     17 |    947 |   2020 |   3 | 1158.7 |
       Dungeon |   3476 |   3459 |     17 |    947 |   2020 |   3 | 1158.7 |
               +--------+--------+--------+--------+--------+-----+--------+

Top non-repeatable levels by time:
     D:3: 1812 daAuts
     D:2: 1362 daAuts
     D:1: 301 daAuts
